 Dungeon Crawl Stone Soup version 0.22-a0-580-gd5db89c (webtiles) character file.

28 theanonym the Caller (level 2, -3/19 HPs)
             Began as a Mummy Summoner on July 3, 2018.
             Slain by a goblin
             ... wielding a +0 club
             ... led by Robin
              (4 damage)
             ... on level 2 of the Dungeon.
             The game lasted 00:01:50 (1545 turns).

theanonym the Caller (Mummy Summoner)               Turns: 1545, Time: 00:01:50

Health: -3/19      AC:  3    Str: 11    XL:     2   Next: 96%
Magic:  2/6        EV: 12    Int: 14    God:
Gold:   33         SH:  0    Dex: 12    Spells: 5/8 levels left

rFire    x . .     SeeInvis .   e - +0 dagger
rCold    + . .     Gourm    .   (no shield)
rNeg     + + +     Faith    .   a - +0 robe
rPois    ∞         Spirit   .   b - +0 helmet
rElec    .         Reflect  .   (no cloak)
rCorr    .         Harm     .   (no gloves)
MR       .....                  (no boots)
Stlth    ++........             (no amulet)
HPRegen  0.06/turn              (no ring)
MPRegen  0.10/turn              (no ring)

@: no status effects
A: no food or potions, fire vulnerability, cold resistance 1, negative energy
resistance 3, torment resistance, unbreathing
a: no special abilities


Innate Abilities, Weirdness & Mutations

You do not eat or drink.
Your flesh is vulnerable to fire.
You are immune to poison.
Your flesh is cold resistant. (rC+)
You are immune to negative energy. (rN+++)
You are immune to unholy pain and torment.
You can survive without breathing.


   Skills:
 - Level 1.5 Dodging
 - Level 1.5 Stealth
 + Level 3.6 Spellcasting
 + Level 3.7 Summonings


You had 5 spell levels left.
You knew the following spells:

 Your Spells              Type           Power        Failure   Level  Hunger
a - Summon Small Mammal   Summ           ##..         4%          1    N/A
b - Call Imp              Summ           ##......     7%          2    N/A

Your spell library contained the following spells:

 Spells                   Type           Power        Failure   Level  Hunger
 Summon Ice Beast         Ice/Summ       #.......     67%         4    N/A
 Call Canine Familiar     Summ           ##......     13%         3    N/A
 Summon Lightning Spire   Summ/Air       #.......     67%         4    N/A
 Summon Guardian Golem    Hex/Summ       #.......     28%         3    N/A

Skill      XL: |  1 |
---------------+----+-----
Spellcasting   | 3 |  3.6
Dodging        | |  1.5
Stealth        | |  1.5
Summonings     | |  3.7

Action                   || total
-------------------------++-------
Melee: Unarmed           ||    53
       Dagger            ||    42
 Cast: Summon Small Mamm ||    11
       Call Imp          ||     3
 Stab: Sleeping          ||     1
Armor: Robe              ||    18
Dodge: Dodged            ||    53

Inventory:

Hand Weapons
 e - a +0 dagger (weapon)
   (You took it off a goblin on level 1 of the Dungeon)
Armour
 a - a +0 robe (worn)
 b - a +0 helmet (worn)
   (You found it on level 1 of the Dungeon)
Scrolls
 c - 3 scrolls of identify {unknown}
 d - a scroll of immolation {unknown}
 f - a scroll of remove curse {unknown}


You were on level 2 of the Dungeon.
You were not hungry.

You visited 1 branch of the dungeon, and saw 2 of its levels.

You collected 33 gold pieces.

Dungeon Overview and Level Annotations

Branches:
Dungeon (2/15)

Altars:

Annotations:
D:2 Robin

#..
######################?.
.....5.@g.........) ....
#.########.....### #..
#.....# ####gr
#.....####g.gS.
#...)5##.)g##<.
#.....5..###...
###.##g.###....
#.###..##.... #.#
##.......


You could see a goblin and a friendly crimson imp.

Notes
Turn   | Place    | Note
-------+----------+-------------------------------------------
     0 | D:1      | theanonym the Mummy Summoner began the quest for the Orb.
     0 | D:1      | Reached XP level 1. HP: 13/13 MP: 4/4
   357 | D:1      | Reached skill level 3 in Spellcasting
   656 | D:1      | Reached XP level 2. HP: 13/19 MP: 4/6
  1327 | D:1      | Learned a level 2 spell: Call Imp
  1470 | D:2      | Noticed Robin
  1528 | D:2      | HP: 7/19 [goblin/club[Robin] (6)]
  1535 | D:2      | HP: 4/19 [goblin/club[Robin] (4)]
  1536 | D:2      | HP: 1/19 [goblin/club[Robin] (3)]
  1545 | D:2      | Slain by a goblin

Vanquished Creatures
  An ooze (D:1)
  A dart slug (D:1)
  A bat (D:1)
  A giant cockroach (D:1)
  3 goblins (D:1)
  A hobgoblin (D:1)
  A frilled lizard (D:1)
  3 kobolds
  2 rats (D:1)
14 creatures vanquished.

Vanquished Creatures (collateral kills)
  A dart slug (D:1)
  4 goblins (D:2)
  A bat (D:1)
  2 rats (D:1)
8 creatures vanquished.

Grand Total: 22 creatures vanquished

Table legend:
 A = Turns spent in this place as a percentage of turns spent in the entire game.
 B = Non-inter-level travel turns spent in this place as a percentage of non-inter-level travel turns spent in the entire game.
 C = Inter-level travel turns spent in this place as a percentage of turns spent in this place.
 D = Turns resting spent in this place as a percentage of non-inter-level travel turns spent in this place.
 E = Turns spent auto-exploring this place as a percentage of non-inter-level travel turns spent in this place.
 F = Non-inter-level travel turns spent in this place divided by the number of levels of this place that you've seen.
                   A       B       C       D       E      F
               +-------+-------+-------+-------+-------+----------------------
         Total | 100.0 | 100.0 |   1.7 |  46.7 |  39.6 | 759.0
       Dungeon | 100.0 | 100.0 |   1.7 |  46.7 |  39.6 | 759.0
               +-------+-------+-------+-------+-------+----------------------
